[Event "39th Citta Arco Open 2017"]
[Site "Arco"]
[Date "2017.10.11"]
[Round "5.7"]
[White "Lezzerini, Marco"]
[Black "Molnar, Bela"]
[Result "1/2-1/2"]
[ECO "E68"]
[WhiteElo "2142"]
[BlackElo "2290"]
[Annotator "NA"]
[PlyCount "119"]
[EventDate "2017.??.??"]
[EventType "swiss"]
[EventCountry "ITA"]
[SourceTitle "playchess.com"]
[Source "ChessBase"]
[SourceQuality "1"]
[TimeControl "40/5400+30:1800+30"]

1. d4 Nf6 2. c4 d6 3. Nc3 Nbd7 4. Nf3 g6 5. g3 Bg7 6. Bg2 O-O 7. O-O e5 8. e4 exd4 9. Nxd4 Re8 10. h3 a6 {[%emt 0:02:30] LiveBook: 725 Games} 11. Be3 Rb8 12. b3 Nc5 13. Qc2 Bd7 14. Rad1 Qc8 15. Kh2 h6 (15... b5 $1 $11 {remains equal.}) 16. Rfe1 (16. b4 $16 Ne6 17. f4) 16... Ne6 17. f4 Nxd4 18. Bxd4 Bc6 19. Nd5 Nd7 20. Bxg7 Kxg7 21. Qc3+ f6 22. h4 Qd8 23. Bh3 Rf8 24. Bxd7 Qxd7 25. e5 Bxd5 26. exf6+ Rxf6 27. cxd5 Kf7 28. Rd2 Re8 29. Rxe8 Qxe8 30. Qxc7+ Qe7 31. Rc2 Rf5 32. Qc8 Kf6 33. Qc3+ Kf7 34. Qc8 Kf6 35. Qh8+ Qg7 36. Qxg7+ Kxg7 37. Rc7+ Kf6 38. Rxb7 Rxd5 39. Rb6 Rd2+ 40. Kh3 Rxa2 41. Rxd6+ Kg7 42. Rd7+ Kf6 43. Rd6+ Kg7 44. Rb6 h5 45. g4 hxg4+ 46. Kxg4 Rg2+ 47. Kf3 Rh2 48. Rxa6 Rh3+ 49. Kg4 Rxb3 50. h5 gxh5+ 51. Kxh5 Rg3 52. Ra5 Kf6 53. Ra8 Kf7 54. Ra6 Rg1 55. Ra5 Kf6 56. Rg5 Rh1+ $11 57. Kg4 Rg1+ 58. Kf3 Rxg5 59. fxg5+ Kxg5 60. Ke4 1/2-1/2

[Event "39th Citta Arco Open 2017"]
[Site "Arco"]
[Date "2017.10.11"]
[Round "5.8"]
[White "Lochte, Thomas"]
[Black "Luciani, Carlo"]
[Result "1-0"]
[ECO "C51"]
[WhiteElo "2139"]
[BlackElo "2261"]
[Annotator "ChessBase"]
[PlyCount "95"]
[EventDate "2017.??.??"]
[EventType "swiss"]
[EventCountry "ITA"]
[SourceTitle "playchess.com"]
[Source "ChessBase"]
[SourceQuality "1"]
[TimeControl "40/5400+30:1800+30"]

1. e4 e5 2. Nf3 Nc6 3. Bc4 Bc5 4. b4 Bxb4 5. c3 Be7 6. d4 Na5 7. Be2 exd4 8. Qxd4 Kf8 9. O-O Nc6 10. Qd3 d6 11. Bf4 Bf6 12. Nbd2 Nge7 13. Nc4 Ng6 14. Bg3 h5 15. h3 Qe7 16. Nxd6 Nge5 17. Nxe5 Nxe5 18. Nxc8 Rxc8 19. Qe3 Qa3 20. Rfb1 b6 21. Rb3 Qe7 22. Rd1 g6 23. f4 Nd7 24. e5 Nc5 25. Qf2 Bg7 26. Bh4 Qe6 27. Rb4 Kg8 28. g4 Qxa2 29. gxh5 Ne6 30. Bg3 Bf8 31. hxg6 Bc5 32. gxf7+ Kf8 33. Rbd4 Qc2 34. Kg2 Qxc3 35. Rc4 Qb2 36. Qf3 Nd4 37. Rcxd4 Bxd4 38. Qg4 Rb8 39. Bf2 c5 40. Bxd4 cxd4 41. f5 d3 42. Rxd3 Qxe5 43. Rg3 Qd5+ 44. Kh2 Qe5 45. f6 Qxf6 46. Qb4+ Kxf7 47. Rf3 Qxf3 48. Bxf3 1-0

[Event "39th Citta Arco Open 2017"]
[Site "Arco"]
[Date "2017.10.11"]
[Round "5.9"]
[White "Ruecker, Benjamin"]
[Black "Valenti, Giuseppe"]
[Result "0-1"]
[ECO "D37"]
[WhiteElo "2261"]
[BlackElo "2149"]
[Annotator "NA"]
[PlyCount "68"]
[EventDate "2017.??.??"]
[EventType "swiss"]
[EventCountry "ITA"]
[SourceTitle "playchess.com"]
[Source "ChessBase"]
[SourceQuality "1"]
[TimeControl "40/5400+30:1800+30"]

1. c4 e6 2. Nf3 Nf6 3. Nc3 d5 4. d4 Be7 5. Bf4 O-O 6. e3 c5 7. dxc5 {LiveBook: 2477 Games} Bxc5 8. Qc2 Qa5 9. a3 Nc6 10. Rd1 Be7 11. Be2 {D37: Queen's Gambit Declined: 5 Bf4} a6 12. Nd2 Qb6 13. Nb3 dxc4 $146 ({Predecessor:} 13... h6 14. Na4 Qd8 15. O-O Bd6 16. c5 Bc7 17. Bxc7 Qxc7 18. Nd2 e5 19. Nb6 {½-½ (38) Kunte,A (2550)-Shetty,R (2369) Visakhapatnam 2004}) 14. Bxc4 e5 15. Bg5 Bg4 16. Rd2 Be6 17. Bxe6 fxe6 18. O-O Rac8 19. Nc1 Na5 20. Nd3 Nc4 21. Re2 e4 22. Nf4 Rfd8 23. Qb1 Nd2 24. Qa2 Kf7 25. Rc1 h6 26. Bxf6 Bxf6 27. Ree1 Bxc3 28. bxc3 Qb3 29. Qa1 b5 30. Ne2 Nc4 31. Ng3 Nd2 32. Nf1 Rd3 33. Nxd2 Rxd2 $19 34. a4 Ra2 0-1

[Event "39th Citta Arco Open 2017"]
[Site "Arco"]
[Date "2017.10.11"]
[Round "5.10"]
[White "Panjkovic, Aleksandar"]
[Black "Nazarenus, Moritz"]
[Result "1/2-1/2"]
[ECO "A14"]
[WhiteElo "2130"]
[BlackElo "2241"]
[Annotator "NA"]
[PlyCount "45"]
[EventDate "2017.??.??"]
[EventType "swiss"]
[EventCountry "ITA"]
[SourceTitle "playchess.com"]
[Source "ChessBase"]
[SourceQuality "1"]
[TimeControl "40/5400+30:1800+30"]

1. c4 c6 2. Nf3 d5 3. b3 Nf6 4. Bb2 e6 5. g3 Nbd7 6. Bg2 {[%emt 0:00:30] LiveBook: 144 Games} Be7 7. O-O O-O 8. d3 Re8 9. Nbd2 Qc7 {[%emt 0:01:30] A14: English Opening: 1...e6 with b3 by White} 10. Rc1 a5 11. a3 Nf8 $146 ({Predecessor:} 11... Bd6 12. Qc2 Qd8 13. d4 Qe7 14. c5 Bc7 15. e4 b6 16. Rfe1 Bb7 17. exd5 Nxd5 {0-1 (49) Prusikin,M (2475)-Jonkman,H (2310) Schwaebisch Gmuend 1999}) 12. Rc2 N6d7 13. Qa1 Bf6 14. e4 Bxb2 15. Qxb2 Nf6 16. Re1 dxe4 17. Nxe4 $11 Nxe4 18. Rxe4 b6 19. d4 Bb7 20. c5 Nd7 21. Ne5 Rad8 22. Re1 bxc5 23. Nxd7 1/2-1/2

[Event "39th Citta Arco Open 2017"]
[Site "Arco"]
[Date "2017.10.11"]
[Round "5.11"]
[White "Medancic, Rikard"]
[Black "Astengo, Corrado"]
[Result "1-0"]
[ECO "D02"]
[WhiteElo "2225"]
[BlackElo "2125"]
[Annotator "NA"]
[PlyCount "79"]
[EventDate "2017.??.??"]
[EventType "swiss"]
[EventCountry "ITA"]
[SourceTitle "playchess.com"]
[Source "ChessBase"]
[SourceQuality "1"]
[TimeControl "40/5400+30:1800+30"]

1. Nf3 d5 2. g3 Nf6 3. Bg2 e6 4. O-O Be7 5. b3 c5 6. d4 Nc6 7. Bb2 O-O 8. Nbd2 cxd4 {[%emt 0:03:30] LiveBook: 8 Partien} 9. Nxd4 Nxd4 {[%emt 0:04:30] D02: 1 d4 d5 2 Nf3 sidelines, including 2...Nf6 3 g3 and 2...Nf6 3 Bf4} (9... Bd7 10. N4f3 Qb6 11. e3 Rfd8 12. c4 Be8 13. Qb1 Rac8 14. Rd1 h6 15. Nd4 Qc7 16. a3 Nxd4 17. Bxd4 Bc6 {½-½ (30) Pap,G (2549)-Blomqvist,E (2515) Lille 2016}) 10. Bxd4 b6 11. e4 Ba6 12. Re1 Rc8 $146 ({Predecessor:} 12... dxe4 13. Nxe4 Rc8 14. c4 Nxe4 15. Bxe4 Rc7 16. Be5 Rd7 17. Qh5 {1-0 (25) Gillies,A-Smith,C (1543) Edinburgh 2015}) 13. e5 Nd7 14. a4 Qc7 15. c3 Bd3 16. Qf3 Bg6 17. h4 f6 18. exf6 Bxf6 19. Qe2 e5 20. Bxd5+ Kh8 21. Be3 Qxc3 22. Qg4 Rcd8 23. h5 Bd3 24. Rac1 Qa5 25. Bc6 Nb8 26. Be4 Qb4 27. Qf5 Bxe4 28. Qxe4 Qxe4 29. Nxe4 Na6 30. h6 Kg8 31. Rc4 Be7 32. hxg7 Kxg7 33. Rc6 Kg8 34. Kg2 Rd3 35. Re6 Rf7 36. Bh6 Rxb3 37. Rd1 Nc5 38. Rd8+ Rf8 39. Rxe7 Rxd8 40. Nf6+ 1-0

[Event "39th Citta Arco Open 2017"]
[Site "Arco"]
[Date "2017.10.11"]
[Round "5.12"]
[White "Molina, Fabrizio"]
[Black "Pedersen, Henrik Bolding"]
[Result "1/2-1/2"]
[ECO "D02"]
[WhiteElo "2208"]
[BlackElo "2125"]
[Annotator "NA"]
[PlyCount "42"]
[EventDate "2017.??.??"]
[EventType "swiss"]
[EventCountry "ITA"]
[SourceTitle "playchess.com"]
[Source "ChessBase"]
[SourceQuality "1"]
[TimeControl "40/5400+30:1800+30"]

1. d4 e6 2. Nf3 d5 3. Bf4 Bd6 4. Bg3 Nf6 5. e3 {[%emt 0:00:30] LiveBook: 202 Games} Bxg3 6. hxg3 Qd6 7. Nbd2 Nbd7 8. c4 $11 c6 9. Qc2 e5 10. cxd5 cxd5 11. dxe5 Nxe5 12. Nxe5 Qxe5 13. Bb5+ Bd7 14. Bxd7+ Nxd7 15. Rc1 h6 16. Nf3 Qe4 17. Rh4 Qe7 18. Nd4 O-O 19. Rg4 Qb4+ 20. Qc3 Qxc3+ 21. Rxc3 Nf6 1/2-1/2

[Event "39th Citta Arco Open 2017"]
[Site "Arco"]
[Date "2017.10.11"]
[Round "5.13"]
[White "De Santis, Alessio"]
[Black "Vezzani, Stefano"]
[Result "1-0"]
[ECO "A48"]
[WhiteElo "2162"]
[BlackElo "2121"]
[Annotator "NA"]
[PlyCount "63"]
[EventDate "2017.??.??"]
[EventType "swiss"]
[EventCountry "ITA"]
[SourceTitle "playchess.com"]
[Source "ChessBase"]
[SourceQuality "1"]
[TimeControl "40/5400+30:1800+30"]

1. b3 d6 2. Bb2 Nd7 3. e3 Ngf6 4. d4 g6 5. Nf3 Bg7 6. c4 c6 7. Be2 a6 8. a4 a5 9. Nc3 O-O 10. O-O Qc7 $14 11. Rc1 Rd8 12. Qc2 e5 13. Rfd1 exd4 14. exd4 Nf8 15. d5 Bf5 16. Qd2 Ng4 17. Nd4 Bh6 18. f4 Qe7 19. Nxf5 gxf5 20. Bxg4 fxg4 21. Re1 Qh4 22. g3 Qh3 23. Ne4 f5 24. Nf6+ Kf7 25. dxc6 bxc6 26. Qd3 Kg6 27. Ng8 Ra7 28. Ne7+ Rxe7 29. Rxe7 Bxf4 30. Rf1 Bg5 31. Qxf5+ Kh5 32. Rxh7+ 1-0

[Event "39th Citta Arco Open 2017"]
[Site "Arco"]
[Date "2017.10.11"]
[Round "5.14"]
[White "Mastroddi, Emiliano"]
[Black "Passerotti, Pierluigi"]
[Result "0-1"]
[ECO "B08"]
[WhiteElo "2053"]
[BlackElo "2210"]
[Annotator "NA"]
[PlyCount "74"]
[EventDate "2017.??.??"]
[EventType "swiss"]
[EventCountry "ITA"]
[SourceTitle "playchess.com"]
[Source "ChessBase"]
[SourceQuality "1"]
[TimeControl "40/5400+30:1800+30"]

1. d4 d6 2. e4 Nf6 3. Nc3 g6 4. Nf3 Bg7 5. h3 O-O 6. Be2 a6 7. a4 {[%emt 0:00:00] LiveBook: 42 Games B08: Pirc Defence: Classical System} a5 8. O-O Na6 $146 ({Predecessor:} 8... Nc6 9. Be3 Nd7 10. Nb5 Nb4 11. c3 Na6 12. Qd2 c6 13. Na3 Nc7 14. Bh6 Re8 15. Bxg7 Kxg7 {1-0 (47) Atabayev,Y (2473)-Maghsoodloo,P (2584) Doha 2016}) 9. Re1 Nb4 10. Bf1 e5 11. Nb5 exd4 12. Nbxd4 Re8 13. c3 Na6 14. Bc4 Nxe4 15. Bxf7+ Kxf7 16. Rxe4 Rxe4 17. Ng5+ Kg8 18. Nxe4 d5 19. Bg5 Qf8 20. Ng3 Qf7 21. Qc2 Bd7 22. Re1 Re8 23. Rxe8+ Bxe8 24. Be3 Nc5 25. b3 Nd7 26. f4 Qe7 27. Qd2 c6 28. f5 Nc5 29. Bg5 Qe5 30. Bf4 Ne4 31. Bxe5 Nxd2 32. Bxg7 Kxg7 33. Kf2 Kf6 34. Ke3 Nb1 35. Kd3 (35. c4 $15) 35... gxf5 $17 36. Ngxf5 c5 37. Kc2 cxd4 0-1

[Event "39th Citta Arco Open 2017"]
[Site "Arco"]
[Date "2017.10.11"]
[Round "5.15"]
[White "Battistella, Stefano"]
[Black "De Eccher, Stefano"]
[Result "1/2-1/2"]
[ECO "D11"]
[WhiteElo "2041"]
[BlackElo "2193"]
[Annotator "ChessBase"]
[PlyCount "95"]
[EventDate "2017.??.??"]
[EventType "swiss"]
[EventCountry "ITA"]
[SourceTitle "playchess.com"]
[Source "ChessBase"]
[SourceQuality "1"]
[TimeControl "40/5400+30:1800+30"]

1. Nf3 d5 2. c4 c6 3. d4 Nf6 4. g3 Bf5 5. Nc3 e6 6. Nh4 Bg4 7. Qb3 Qb6 8. h3 Bh5 9. g4 Bg6 10. Nxg6 hxg6 11. Bg2 Nbd7 12. O-O Bd6 13. Rd1 Qxb3 14. axb3 a6 15. f3 O-O-O 16. e4 dxe4 17. fxe4 e5 18. g5 Nh5 19. c5 Be7 20. b4 exd4 21. Rxd4 Ne5 22. Be3 Nd3 23. Na4 Rxd4 24. Bxd4 Bxg5 25. Rd1 Rd8 26. Nb6+ Kc7 27. Nd5+ cxd5 28. Rxd3 dxe4 29. Be5+ Kc8 30. Rxd8+ Bxd8 31. Bxe4 Bf6 32. Bc3 Nf4 33. Bxf6 gxf6 34. Kh2 f5 35. Bc2 Kd7 36. Kg3 Nd5 37. Ba4+ Ke6 38. b5 axb5 39. Bxb5 Nb4 40. Bc4+ Kf6 41. h4 Kg7 42. Kf4 f6 43. h5 Kh6 44. hxg6 Kxg6 45. b3 Nc6 46. Bd5 Nb4 47. Bc4 Nc6 48. Bd3 1/2-1/2

[Event "39th Citta Arco Open 2017"]
[Site "Arco"]
[Date "2017.10.11"]
[Round "5.16"]
[White "Huemmer, Bernd"]
[Black "Deissenberger, Thomas"]
[Result "1-0"]
[ECO "A39"]
[WhiteElo "2169"]
[BlackElo "2032"]
[Annotator "NA"]
[PlyCount "85"]
[EventDate "2017.??.??"]
[EventType "swiss"]
[EventCountry "ITA"]
[SourceTitle "playchess.com"]
[Source "ChessBase"]
[SourceQuality "1"]
[TimeControl "40/5400+30:1800+30"]

1. c4 Nf6 2. Nc3 c5 3. Nf3 Nc6 4. d4 cxd4 5. Nxd4 g6 6. g3 Bg7 7. Bg2 O-O 8. O-O Nxd4 9. Qxd4 d6 10. Qh4 {[%emt 0:01:00] LiveBook: 109 Games} Rb8 11. Bg5 {[%emt 0:02:30] A39: Symmetrical English vs ...g6: 4 Bg2 Bg7 5 Nf3 Nf6 6 0-0 0-0 7 d4} (11. h3 Be6 12. Be3 Qa5 13. Rac1 Rfc8 14. b3 a6 15. Qg5 b5 16. Ba7 Ra8 17. Bd4 h6 18. Qe3 bxc4 19. Bxa8 Rxa8 20. bxc4 Bxh3 21. Qxe7 {1-0 (31) Koneru,H (2621)-Danielian,E (2496) Istanbul 2009}) 11... Re8 12. Rac1 Qa5 13. Rfd1 Bd7 14. Bd2 $146 ({Predecessor:} 14. a3 Bc6 15. e4 a6 16. h3 Rbc8 17. c5 dxc5 18. e5 Bxg2 19. Kxg2 {1-0 (57) Pacuszka,T (2284)-Madera,M (2021) Kolobrzeg 2009}) 14... Qh5 15. Qxh5 Nxh5 16. Be3 b6 17. b3 Rec8 18. Nd5 Kf8 19. Nb4 Bf5 20. Rd2 Bd7 21. Na6 Nf6 22. Nxb8 Rxb8 23. h3 Be6 24. Bd4 Nd7 25. Bxg7+ Kxg7 26. f4 a5 27. Kh2 Nc5 28. Rb2 b5 29. cxb5 Rxb5 30. Rd2 Rb6 31. Rd4 f6 32. e4 Bc8 33. e5 Kf7 34. Bd5+ Be6 35. exd6 exd6 36. Bxe6+ Kxe6 37. Re1+ Kf7 38. Rd2 Kf8 39. Rde2 Rb7 40. Re8+ Kf7 41. Rh8 Kg7 42. Rd8 $18 Rb6 43. Re7+ 1-0